 Dungeon Sprint DCSS version 0.26-a0-652-gafc20e3620 (webtiles) character file.

Game seed: 14559958961565042277

1161 rocky1 the Nimble (level 8, -8/102 HPs)
             Began as a Gnoll Gladiator on Oct 4, 2020.
             Was a High Priest of Sif Muna.
             Mangled by an enormous slime creature (52 damage)
             ... in the Dungeon (Sprint VII: "The Pits").
             The game lasted 00:05:18 (1249 turns).

rocky1 the Nimble (Gnoll Gladiator)                 Turns: 1249, Time: 00:05:19

Health: -8/102     AC:  5    Str: 18    XL:     8   Next: 39%
Magic:  17/17      EV: 18    Int: 12    God:    Sif Muna [*****.]
Gold:   0          SH:  0    Dex: 16    Spells: 19/19 levels left

rFire    . . .     SeeInvis .   f - +0 quarterstaff (speed)
rCold    . . .     Faith    .   (shield currently unavailable)
rNeg     . . .     Spirit   .   b - +0 leather armour
rPois    .         Reflect  .   c - +0 helmet
rElec    .         Harm     .   (no cloak)
rCorr    .         Rampage  .   (no gloves)
MR       .....     NoTele   +   (no boots)
Stlth    ..........             (no amulet)
HPRegen  0.27/turn              (no ring)
MPRegen  0.15/turn              (no ring)

@: berserking, very quick
A: distributed training, fangs 1, strong nose
a: Channel Magic, Forget Spell, Divine Exegesis, Renounce Religion


You were in the Dungeon.
You worshipped Sif Muna.
Sif Muna was extremely pleased with you.
You visited 1 branch

Inventory:

Hand Weapons
 f - a +0 quarterstaff of speed (weapon)
 o - a +0 trident of distortion
Missiles
 d - 3 throwing nets (quivered)
Armour
 b - a +0 leather armour (worn)
 c - a +0 helmet (worn)
Scrolls
 j - a scroll of blinking
 l - 3 scrolls of remove curse
 m - 5 scrolls of amnesia
 n - a scroll of summoning
Potions
 a - 4 potions of heal wounds
 e - 6 potions of curing
 g - a potion of haste
 h - 4 potions of magic
 i - a potion of berserk rage
 k - 2 potions of invisibility


   Skills:
 + Level 8.0 Fighting
 + Level 6.4 Short Blades
 + Level 6.4 Long Blades
 + Level 6.4 Axes
 + Level 6.4 Maces & Flails
 + Level 6.4 Polearms
 + Level 9.3 Staves
 + Level 6.4 Slings
 + Level 6.4 Bows
 + Level 6.4 Crossbows
 + Level 8.0 Throwing
 + Level 6.4 Armour
 + Level 9.3 Dodging
 + Level 6.4 Stealth
 + Level 6.4 Shields
 + Level 6.4 Unarmed Combat
 + Level 6.4 Spellcasting
 + Level 5.3 Conjurations
 + Level 5.3 Hexes
 + Level 5.3 Summonings
 + Level 5.3 Necromancy
 + Level 5.3 Translocations
 + Level 5.3 Transmutations
 + Level 5.3 Fire Magic
 + Level 5.3 Ice Magic
 + Level 5.3 Air Magic
 + Level 5.3 Earth Magic
 + Level 5.3 Poison Magic
 + Level 7.1 Invocations
 + Level 6.4 Evocations


You had 19 spell levels left.
You didn't know any spells.
Your spell library contained the following spells:

 Spells                   Type           Power        Failure   Level
 Spider Form              Tmut/Pois      ###.......   7%          3
 Blade Hands              Tmut           ###.......   52%         5
 Excruciating Wounds      Necr           ###.......   52%         5
 Hydra Form               Tmut           ###.......   98%         6


Dungeon Overview and Level Annotations

Branches:
Dungeon (1/1)

Altars:
Ashenzari
Cheibriados
Dithmenos
Elyvilon
Fedhas
Gozag
Hepliaklqana
Kikubaaqudgha
Makhleb
Nemelex Xobeh
Okawaru
Qazlal
Ru
Sif Muna
Trog
Uskayaw
Vehumet
Wu Jian
Xom
Yredelemnul
Zin
The Shining One
Beogh
Jiyva
Lugonu


Innate Abilities, Weirdness & Mutations

Your experience applies equally to all skills.
You have very sharp teeth.
Your uncanny sense of smell can sniff out nearby items.


Message History

You barely miss the enormous slime creature.
The enormous slime creature is heavily wounded.
You thump the enormous slime creature!
The enormous slime creature is heavily wounded.
You sock the enormous slime creature!
The enormous slime creature is severely wounded.
You thump the enormous slime creature! You bite the enormous slime creature.
The enormous slime creature is severely wounded.
You sock the enormous slime creature!
The enormous slime creature is severely wounded.
You thump the enormous slime creature! You bite the enormous slime creature!
The enormous slime creature is severely wounded.
You bludgeon the enormous slime creature!!
The enormous slime creature is almost dead.
You sock the enormous slime creature!
The enormous slime creature is almost dead.
The hell rat twitches its whiskers.
The enormous slime creature hits you!!!
Ouch! That really hurt!
You die...

#.#........##.......#
#.#........##.......#
#.#####'#####...<...#
#)#..[)))..##.......#
#.#..[)))..##.......#
#)###########.......#
#.......#..##########
#.###...#.## ###
#.#.....#@# .W.#∆∆∆∆
#.#...#.#J#....#∆∆∆∆
#.....#.#r'..JJ+∆∆∆∆
#...###.#'#...J#∆
#.......'÷#..J.#∆
########### ####


You could see an enormous slime creature and a hell rat.

Vanquished Creatures
  A merfolk (D)
  A slime creature (D)
  2 wargs (D)
  Menkaure (D)
  A floating eye (D)
  A sky beast (D)
  Blork the orc (D)
  A bullfrog (D)
  An iguana (D)
  2 worker ants (D)
  A gnoll (D)
  An adder skeleton (D)
  An orc (D)
  A bat (D)
  2 bat zombies (D)
  A giant cockroach (D)
  A hobgoblin (D)
  A ball python (D)
  A kobold (D)
  A rat (D)
23 creatures vanquished.

Vanquished Creatures (others)
  A moth of wrath (D)
  A golden eye (D)
2 creatures vanquished.

Grand Total: 25 creatures vanquished

Notes
Turn   | Place    | Note
-------+----------+-------------------------------------------
     0 | D        | rocky1 the Gnoll Gladiator began the quest for the Orb.
     0 | D        | Reached XP level 1. HP: 20/20 MP: 1/1
    47 | D        | Found a bloodstained altar of Trog.
    47 | D        | Found a shimmering blue altar of Sif Muna.
    47 | D        | Found a viscous altar of Jiyva.
    47 | D        | Found a hazy altar of Hepliaklqana.
    47 | D        | Found an opulent altar of Gozag.
    48 | D        | Found a glowing golden altar of the Shining One.
    48 | D        | Found a glowing silver altar of Zin.
    48 | D        | Found a basalt altar of Yredelemnul.
    48 | D        | Found a shimmering altar of Xom.
    48 | D        | Found an ornate altar of the Wu Jian Council.
    48 | D        | Found a sacrificial altar of Ru.
    48 | D        | Found a stormy altar of Qazlal.
    48 | D        | Found an iron altar of Okawaru.
    48 | D        | Found a sparkling altar of Nemelex Xobeh.
    48 | D        | Found a burning altar of Makhleb.
    48 | D        | Found a blossoming altar of Fedhas.
    48 | D        | Found a white marble altar of Elyvilon.
    48 | D        | Found a shadowy altar of Dithmenos.
    48 | D        | Found a snail-covered altar of Cheibriados.
    51 | D        | Found a corrupted altar of Lugonu.
    51 | D        | Found a radiant altar of Vehumet.
    51 | D        | Found a roughly hewn altar of Beogh.
    52 | D        | Found an ancient bone altar of Kikubaaqudgha.
    52 | D        | Found a hide-covered altar of Uskayaw.
    52 | D        | Found a broken altar of Ashenzari.
    53 | D        | Became a worshipper of Sif Muna the Loreminder
    63 | D        | Killed a golden eye
    71 | D        | Reached skill level 1 in Short Blades
    71 | D        | Reached skill level 1 in Long Blades
    71 | D        | Reached skill level 1 in Axes
    71 | D        | Reached skill level 1 in Maces & Flails
    71 | D        | Reached skill level 1 in Polearms
    71 | D        | Reached skill level 1 in Slings
    71 | D        | Reached skill level 1 in Bows
    71 | D        | Reached skill level 1 in Crossbows
    71 | D        | Reached skill level 1 in Armour
    71 | D        | Reached skill level 1 in Stealth
    71 | D        | Reached skill level 1 in Shields
    71 | D        | Reached skill level 1 in Unarmed Combat
    71 | D        | Reached skill level 1 in Spellcasting
    71 | D        | Reached skill level 1 in Conjurations
    71 | D        | Reached skill level 1 in Hexes
    71 | D        | Reached skill level 1 in Summonings
    71 | D        | Reached skill level 1 in Necromancy
    71 | D        | Reached skill level 1 in Translocations
    71 | D        | Reached skill level 1 in Transmutations
    71 | D        | Reached skill level 1 in Fire Magic
    71 | D        | Reached skill level 1 in Ice Magic
    71 | D        | Reached skill level 1 in Air Magic
    71 | D        | Reached skill level 1 in Earth Magic
    71 | D        | Reached skill level 1 in Poison Magic
    71 | D        | Reached skill level 1 in Invocations
    71 | D        | Reached skill level 1 in Evocations
    71 | D        | Reached XP level 2. HP: 14/26 MP: 1/3
   196 | D        | Killed a moth of wrath
   224 | D        | Reached * piety under Sif Muna
   235 | D        | Reached skill level 5 in Fighting
   235 | D        | Reached skill level 5 in Throwing
   235 | D        | Reached XP level 3. HP: 23/33 MP: 4/6
   397 | D        | Reached ** piety under Sif Muna
   402 | D        | Reached XP level 4. HP: 25/39 MP: 7/7
   590 | D        | Noticed Blork the orc
   590 | D        | Noticed a warg
   614 | D        | Killed a warg
   614 | D        | Reached XP level 5. HP: 29/46 MP: 7/10
   745 | D        | Killed Blork the orc
   745 | D        | Reached *** piety under Sif Muna
   745 | D        | Reached XP level 6. HP: 50/52 MP: 10/12
   763 | D        | Noticed a floating eye
   796 | D        | Killed a floating eye
   796 | D        | Reached skill level 5 in Invocations
   812 | D        | Reached skill level 5 in Short Blades
   812 | D        | Reached skill level 5 in Long Blades
   812 | D        | Reached skill level 5 in Axes
   812 | D        | Reached skill level 5 in Maces & Flails
   812 | D        | Reached skill level 5 in Polearms
   812 | D        | Reached skill level 5 in Slings
   812 | D        | Reached skill level 5 in Bows
   812 | D        | Reached skill level 5 in Crossbows
   812 | D        | Reached skill level 5 in Armour
   812 | D        | Reached skill level 5 in Stealth
   812 | D        | Reached skill level 5 in Shields
   812 | D        | Reached skill level 5 in Unarmed Combat
   812 | D        | Reached skill level 5 in Spellcasting
   812 | D        | Reached skill level 5 in Evocations
   821 | D        | Reached **** piety under Sif Muna
   821 | D        | Reached XP level 7. HP: 44/59 MP: 14/14
   897 | D        | Noticed a warg
   903 | D        | Killed a warg
   905 | D        | Noticed a merfolk
   919 | D        | Killed a merfolk
  1034 | D        | Noticed Menkaure
  1044 | D        | Killed Menkaure
  1044 | D        | Reached skill level 5 in Conjurations
  1044 | D        | Reached skill level 5 in Hexes
  1044 | D        | Reached skill level 5 in Summonings
  1044 | D        | Reached skill level 5 in Necromancy
  1044 | D        | Reached skill level 5 in Translocations
  1044 | D        | Reached skill level 5 in Transmutations
  1044 | D        | Reached skill level 5 in Fire Magic
  1044 | D        | Reached skill level 5 in Ice Magic
  1044 | D        | Reached skill level 5 in Air Magic
  1044 | D        | Reached skill level 5 in Earth Magic
  1044 | D        | Reached skill level 5 in Poison Magic
  1044 | D        | Reached XP level 8. HP: 41/68 MP: 15/17
  1046 | D        | Reached ***** piety under Sif Muna
  1046 | D        | Identified Sif Muna's Disquisition on Shifting Necromancy
                  | (Sif Muna gifted it to you in the Dungeon)
  1046 | D        | Received a gift from Sif Muna
  1216 | D        | Noticed a slime creature
  1216 | D        | Noticed a slime creature
  1216 | D        | Noticed a slime creature
  1216 | D        | Noticed a slime creature
  1216 | D        | Noticed a slime creature
  1228 | D        | Killed a slime creature
  1249 | D        | Mangled by an enormous slime creature

Illustrated notes

Levels and vault maps discovered:
D:        pitsprint [storerooms_1, entrance_room_1, metal_vault_5, armoury_2,
          mini_pit_1, grid_room_1, main_hall_1, silver_pit, the_coven_1,
          the_vestibule_1, steel_vault_3, golden_pit, hallway_of_sentries,
          crystal_vault_5, iron_vault_4, final_vault]

Skill      XL: |  1  2  3  4  5  6  7  8 |
---------------+-------------------------+-----
Short Blades   | 1 2 3 4 5 6 |  6.4
Long Blades    | 1 2 3 4 5 6 |  6.4
Axes           | 1 2 3 4 5 6 |  6.4
Maces & Flails | 1 2 3 4 5 6 |  6.4
Polearms       | 1 2 3 4 5 6 |  6.4
Slings         | 1 2 3 4 5 6 |  6.4
Bows           | 1 2 3 4 5 6 |  6.4
Crossbows      | 1 2 3 4 5 6 |  6.4
Armour         | 1 2 3 4 5 6 |  6.4
Stealth        | 1 2 3 4 5 6 |  6.4
Shields        | 1 2 3 4 5 6 |  6.4
Unarmed Combat | 1 2 3 4 5 6 |  6.4
Spellcasting   | 1 2 3 4 5 6 |  6.4
Conjurations   | 1 2 3 4 5 |  5.3
Hexes          | 1 2 3 4 5 |  5.3
Summonings     | 1 2 3 4 5 |  5.3
Necromancy     | 1 2 3 4 5 |  5.3
Translocations | 1 2 3 4 5 |  5.3
Transmutations | 1 2 3 4 5 |  5.3
Fire Magic     | 1 2 3 4 5 |  5.3
Ice Magic      | 1 2 3 4 5 |  5.3
Air Magic      | 1 2 3 4 5 |  5.3
Earth Magic    | 1 2 3 4 5 |  5.3
Poison Magic   | 1 2 3 4 5 |  5.3
Invocations    | 1 2 4 5 6 7 |  7.1
Evocations     | 1 2 3 4 5 6 |  6.4
Fighting       | 5 6 7 8 |  8.0
Throwing       | 5 6 7 8 |  8.0
Staves         | 7 8 9 |  9.3
Dodging        | 7 8 9 |  9.3

Action                   |  1- 3 |  4- 6 |  7- 9 || total
-------------------------+-------+-------+-------++-------
Melee: Quarterstaff      |    28 |    42 |    71 ||   141
       Bite              |     4 |     2 |    17 ||    23
  Use: Potion            |     1 |     2 |     1 ||     4
 Stab: Sleeping          |       |       |     2 ||     2
Armor: Leather armour    |     5 |     2 |     2 ||     9
Dodge: Dodged            |    19 |    33 |    16 ||    68

Table legend: (Time is in decaauts)
 A = Elapsed time spent in this place.
 B = Non-inter-level travel time spent in this place.
 C = Inter-level travel time spent in this place.
 D = Time resting spent in this place.
 E = Time spent auto-exploring this place.
 F = Levels seen in this place.
 G = Mean time per level.
                   A        B        C        D        E       F      G
               +--------+--------+--------+--------+--------+-----+--------+
         Total |   1208 |   1208 |      0 |    889 |      0 |   1 | 1208.0 |
       Dungeon |   1208 |   1208 |      0 |    889 |      0 |   1 | 1208.0 |
               +--------+--------+--------+--------+--------+-----+--------+

Top non-repeatable levels by time:
       D: 1208 daAuts
